 Dungeon Crawl Stone Soup version 0.21.1-1-g345015fe64 (webtiles) character file.

147 JarielCorvus the Skirmisher (level 5, 0/70 HPs)
             Began as a Draconian Berserker on July 8, 2018.
             Was a Believer of Trog.
             Killed by vampiric draining
             ... invoked by a vampire
              (11 damage)
             ... on level 4 of the Dungeon.
             The game lasted 00:09:44 (3221 turns).

JarielCorvus the Skirmisher (Draconian Berserker)   Turns: 3221, Time: 00:09:45

Health: 0/70       AC:  5    Str: 25    XL:     5   Next: 8%
Magic:  4/4        EV: 13    Int:  7    God:    Trog [**....]
Gold:   128        SH:  0    Dex: 11    Spells: 4/4 levels left

rFire    x . .     SeeInvis .   g - +1 dagger (speed)
rCold    + . .     Gourm    .   (no shield)
rNeg     . . .     Faith    .   (armour unavailable)
rPois    .         Spirit   .   (helmet restricted)
rElec    .         Reflect  .   (no cloak)
rCorr    .         Harm     .   (no gloves)
MR       .....                  (no boots)
Stlth    ..........             f - amulet of magic regeneration
HPRegen  0.21/turn              e - ring of ice
MPRegen  0.34/turn              (no ring)

@: berserking, very quick
A: unfitting armour, big wings, low mp 1, sense surroundings 1, cold-blooded, AC
+5
a: Fly, Berserk, Trog's Hand, Burn Spellbooks, Renounce Religion


You were on level 4 of the Dungeon.
You worshipped Trog.
Trog was pleased with you.
You were hungry.

You visited 1 branch of the dungeon, and saw 4 of its levels.

You collected 128 gold pieces.

Inventory:

Hand Weapons
 a - a +0 falchion
 g - a +1 dagger of speed (weapon)
 i - a +0 long sword
Jewellery
 e - a ring of ice (left hand)
 f - an amulet of magic regeneration (around neck)
Wands
 d - a wand of flame (25)
 h - a wand of polymorph (9)
Scrolls
 j - a scroll of blinking
 k - a scroll of identify
 m - a scroll of remove curse
Potions
 c - a potion of berserk rage
 n - a potion of invisibility {unknown}
 p - a potion of lignification {unknown}
Comestibles
 b - 4 rations


   Skills:
 * Level 4.7 Fighting
 + Level 3.6 Long Blades
 * Level 4.0 Dodging


You had 4 spell levels left.
You didn't know any spells.

Dungeon Overview and Level Annotations

Branches:
Dungeon (4/15)             Temple (0/1) D:4

Altars:
Elyvilon


Innate Abilities, Weirdness & Mutations

Your plain brown scales are hard. (AC +5)
You cannot fit into any form of body armour.
You are cold-blooded and may be slowed by cold attacks.
Your large and strong wings let you fly indefinitely.
Your magical capacity is low. (-10% MP)
You passively map a small area around you.


Message History

You tail-slap the vampire, but do no damage.
The vampire is heavily damaged.
You hit the vampire.
The vampire is severely damaged.
You hit the vampire but do no damage. You tail-slap the vampire!
The vampire is almost destroyed.
The vampire hits you! The vampire closely misses you.
You hit the vampire but do no damage.
The vampire is almost destroyed.
You closely miss the vampire.
The vampire is almost destroyed.
The vampire is infused with unholy energy.
* * * LOW HITPOINT WARNING * * *
The vampire draws life force from you and is healed!
You closely miss the vampire.
The vampire is severely damaged.
You hit the vampire but do no damage.
The vampire is severely damaged.
The vampire is infused with unholy energy.
You die...

* , * , * , , # ,
,* #. * , * .. ,
.. $ .## .###.. ,
, ..., *......
,#.###...... *
#.V.....# * ,
#@.#* * , ##.# *
*#.## ..#######.#
, #.........### ,
#...........####
#..............#
*
##..............#
#...............#


You could see a vampire.

Vanquished Creatures
  A worker ant (D:3)
  6 adders
  4 worms (D:2)
  2 dart slugs (D:1)
  A leopard gecko (D:4)
  An orc (D:3)
  5 giant cockroaches
  A goblin (D:3)
  6 hobgoblins
  6 jackals
  7 kobolds
  2 quokkas (D:3)
  A ball python (D:3)
  5 bats
  4 frilled lizards
  5 rats
57 creatures vanquished.

Vanquished Creatures (others)
  4 toadstools (D:1)
4 creatures vanquished.

Grand Total: 61 creatures vanquished

Notes
Turn   | Place    | Note
-------+----------+-------------------------------------------
     0 | D:1      | JarielCorvus the Draconian Berserker began the quest for the Orb.
     0 | D:1      | Reached XP level 1. HP: 19/19 MP: 1/1
   229 | D:1      | Reached XP level 2. HP: 21/26 MP: 2/2
   999 | D:2      | Found a faded altar of an unknown god.
  1273 | D:2      | Reached XP level 3. HP: 31/33 MP: 3/3
  1355 | D:2      | Reached ** piety under Trog
  2093 | D:3      | Found a white marble altar of Elyvilon.
  2114 | D:3      | Reached XP level 4. HP: 38/40 MP: 4/4
  2690 | D:3      | Gained mutation: You passively map a small area around you. [potion of mutation]
  2690 | D:3      | Gained mutation: Your magical capacity is low. (-10% MP) [potion of mutation]
  2690 | D:3      | Gained mutation: Your large and strong wings let you fly indefinitely. [potion of mutation]
  2762 | D:3      | HP: 2/41 [poisoned by a worker ant]
  3142 | D:4      | Found a staircase to the Ecumenical Temple.
  3162 | D:4      | Reached XP level 5. HP: 43/47 MP: 4/4
  3204 | D:4      | Noticed a vampire
  3221 | D:4      | Killed from afar by a vampire

Skill      XL: |  1  2  3  4 |
---------------+-------------+-----
Dodging        | 3 4 |  4.0
Fighting       | 4 |  4.7
Long Blades    | |  3.6

Action                   |  1- 3 |  4- 6 || total
-------------------------+-------+-------++-------
Melee: Falchion          |    57 |       ||    57
       Tailslap          |    19 |    15 ||    34
       Dagger            |    67 |   108 ||   175
Invok: Berserk           |       |     2 ||     2
 Abil: Fly               |       |     1 ||     1
       Stop Flying       |       |     1 ||     1
  Use: Scroll            |     4 |     5 ||     9
       Potion            |       |     2 ||     2
  Eat: Chunk             |     3 |     2 ||     5
       Ration            |       |     1 ||     1
Armor: Skin              |    27 |    12 ||    39
Dodge: Dodged            |    75 |    60 ||   135
       Rpst.: Falchion   |    13 |       ||    13
